 Dungeon Crawl Stone Soup version 0.20.0-15-g7f486f2 (webtiles) character file.

46 Chiseanne the Magician (level 3, -1/26 HPs)
             Began as a Demonspawn Wizard on June 14, 2017.
             Slain by an adder (5 damage)
             ... on level 3 of the Dungeon.
             The game lasted 00:02:09 (2026 turns).

Chiseanne the Magician (Demonspawn Wizard)          Turns: 2026, Time: 00:02:09

Health: -1/26      AC:  2    Str:  7    XL:     3   Next: 44%
Magic:  1/7        EV: 12    Int: 20    God:
Gold:   10         SH:  0    Dex: 11    Spells: 8/9 levels left

rFire    . . .     SeeInvis .   f - +0 hand axe
rCold    + . .     Gourm    .   (no shield)
rNeg     . . .     Faith    .   a - +0 robe
rPois    .         Spirit   .   b - +0 hat
rElec    .         Reflect  .   (no cloak)
rCorr    .         Harm     .   (no gloves)
MR       .....                  (no boots)
Stlth    ++........             (no amulet)
Regen    0.1/turn               (no ring)
MPRegen  0.1/turn               (no ring)

@: lethally poisoned (-1 -> -5), flying
A: cold resistance 1, low mp 1, robust 1
a: no special abilities


You were on level 3 of the Dungeon.
You were not hungry.

You visited 1 branch of the dungeon, and saw 3 of its levels.

You collected 10 gold pieces.

Inventory:

Hand Weapons
 f - a +0 hand axe (weapon)
Missiles
 m - 42 stones (quivered)
 o - 10 poisoned needles
Armour
 a - a +0 robe (worn)
 b - a +0 hat (worn)
Scrolls
 e - 2 scrolls of identify {unknown}
 g - 2 scrolls of fear {unknown}
 h - 2 scrolls of immolation {unknown}
 i - a scroll of noise {unknown}
 k - a scroll of amnesia {unknown}
 n - 2 scrolls of recharging {unknown}
 q - a scroll of teleportation {unknown}
 s - a scroll of enchant armour {unknown}
Books
 c - a book of Minor Magic

   Spells                             Type                      Level
   a - Magic Dart                     Conjuration                  1
   b - Blink                          Translocation                2
   c - Call Imp                       Summoning                    2
   d - Slow                           Hexes                        2
   e - Conjure Flame                  Conjuration/Fire             3
   f - Mephitic Cloud                 Conjuration/Poison/Air       3
Comestibles
 d - a bread ration


   Skills:
 - Level 1.7 Dodging
 - Level 1.7 Stealth
 * Level 3.7 Spellcasting
 * Level 2.3 Conjurations
   Level 1.0 Summonings
   Level 0.8 Translocations


You had 8 spell levels left.
You knew the following spells:

 Your Spells              Type           Power        Failure   Level  Hunger
a - Magic Dart            Conj           ##..         4%          1    None


Dungeon Overview and Level Annotations

Branches:
Dungeon (3/15)

Altars:


Innate Abilities, Weirdness & Mutations

Your flesh is cold resistant. (rC+)
Your magical capacity is low. (-10% MP)
You are robust. (+10% HP)


Message History

You feel sick.
The helpless adder fails to defend itself.
You hit the adder.
The adder is moderately wounded.
You hit the goblin. The adder closely misses you. The goblin barely misses you.
The adder barely misses you.
Your magical contamination has completely faded away.
You miss the adder.
The adder is moderately wounded.
You hit the goblin.
You kill the goblin!
* * * LOW HITPOINT WARNING * * *
You feel sick. The adder closely misses you. The adder completely misses you.
You hit the adder.
The adder is severely wounded.
The adder misses you.
You closely miss the adder.
The adder is severely wounded.
The adder bites you.
You die...

# .## ## .#. .
... .. .. #... #.
... #....
.######...
......#.......###
#.......###......
).......)@S..#
.......###...#
..##.#. ...# .
#.## ...# # #.##
.# .# .#


You could see an adder.

Vanquished Creatures
  An adder (D:2)
  A leopard gecko (D:1)
  9 bats (D:1)
  2 giant cockroaches (D:1)
  4 goblins
  2 hobgoblins
  7 jackals (D:1)
  A frilled lizard (D:1)
  2 kobolds (D:1)
  3 rats (D:1)
32 creatures vanquished.

Notes
Turn   | Place    | Note
-------+----------+-------------------------------------------
     0 | D:1      | Chiseanne the Demonspawn Wizard began the quest for the Orb.
     0 | D:1      | Reached XP level 1. HP: 13/13 MP: 4/4
   497 | D:1      | Gained mutation: Your flesh is cold resistant. (rC+) [demonic ancestry]
   497 | D:1      | Reached XP level 2. HP: 19/19 MP: 1/6
  1475 | D:1      | Reached XP level 3. HP: 24/24 MP: 5/8
  2000 | D:2      | Gained mutation: Your magical capacity is low. (-10% MP) [potion of mutation]
  2000 | D:2      | Gained mutation: You are robust. (+10% HP) [potion of mutation]
  2026 | D:3      | Slain by an adder

Skill      XL: |  1  2 |
---------------+-------+-----
Conjurations   | 2 |  2.3
Dodging        | |  1.7
Stealth        | |  1.7
Spellcasting   | |  3.7
Summonings     | |  1.0
Translocations | |  0.8

Action                   || total
-------------------------++-------
Melee: Hand axe          ||    51
 Cast: Magic Dart        ||    72
  Use: Potion            ||     4
 Stab: Sleeping          ||     1
  Eat: Chunk             ||     3
Armor: Robe              ||    20
Dodge: Dodged            ||    86
